 Dungeon Crawl Stone Soup version 0.29.1-1-gd02db6906a (webtiles) character file.

Game seed: 15237990372997050588

56 lonewolfV2 the Covered (level 3, -3/33 HPs)
             Began as a Minotaur Fighter on Oct 19, 2022.
             Killed from afar by Robin (6 damage)
             ... with a puff of flame
             ... on level 2 of the Dungeon.
             The game lasted 00:02:26 (1189 turns).

lonewolfV2 the Covered (Minotaur Fighter)           Turns: 1189, Time: 00:02:27

Health: -3/33      AC:  7    Str: 22    XL:     3   Next: 71%
Magic:  2/2        EV:  9    Int:  5    God:
Gold:   49         SH:  4    Dex:  9    Spells: 2/2 levels left

rFire   . . .      SeeInvis .   a - +1 war axe
rCold   . . .      Faith    .   c - +0 buckler
rNeg    . . .      Spirit   .   b - +0 scale mail
rPois   .          Reflect  .   (helmet restricted)
rElec   .          Harm     .   (no cloak)
rCorr   .          Rampage  .   (no gloves)
Will    .....                   (no boots)
Stlth   ..........              (no amulet)
HPRegen 0.11/turn               (no ring)
MPRegen 0.08/turn               (no ring)

@: mighty
A: horns 2, retaliatory headbutt
a: no special abilities


You were on level 2 of the Dungeon.
You visited 1 branch of the dungeon, and saw 2 of its levels.

You collected 49 gold pieces.

Inventory:

Hand Weapons
 a - a +1 war axe (weapon)
Armour
 b - a +0 scale mail (worn)
 c - a +0 buckler (worn)
Jewellery
 j - a ring of protection from cold
Scrolls
 f - 2 scrolls of amnesia
Potions
 e - a potion of brilliance
 g - a potion of curing {unknown}
 h - a potion of resistance {unknown}


   Skills:
 + Level 4.2 Fighting
 + Level 3.1 Axes
 + Level 4.3 Armour
 + Level 4.2 Shields


You had 2 spell levels left.
You didn't know any spells.
Your spell library was empty.

Dungeon Overview and Level Annotations

Branches:
Dungeon (2/15)

Altars:

Annotations:
D:2 Robin


Innate Abilities, Weirdness & Mutations

You have a pair of horns on your head.
You reflexively headbutt those who attack you in melee.


Message History

You miss the goblin. Your headbutt misses the goblin.
You barely miss the goblin.
You feel sick. The goblin hits you but does no damage.
The goblin barely misses you. You furiously retaliate!
You headbutt the goblin!
You kill the goblin!
You slice the goblin!!
You kill the goblin!
You barely miss the goblin.
You feel sick.
You are no longer poisoned.
You block the goblin's attack.
The goblin hits you but does no damage. x2
You barely miss the goblin. You closely miss the goblin.
Robin roars a battlecry!
The goblins go into a battle-frenzy!
The goblin misses you. The goblin barely misses you.
You closely miss the goblin. You barely miss the goblin.
The goblin hits you but does no damage. The goblin hits you with a +0 club.
* * * LOW HITPOINT WARNING * * *
You slash the goblin!
You kill the goblin!
You barely miss the goblin. The goblin closely misses you.
The goblin hits you but does no damage.
Robin zaps a wand.
The puff of flame hits you but does no damage.
You hit Robin.
Robin is heavily wounded.
You hit the goblin.
You kill the goblin!
Robin zaps a wand.
The puff of flame hits you.
* * * LOW HITPOINT WARNING * * *
You hit Robin.
Robin is heavily wounded.
Robin zaps a wand.
The puff of flame misses you.
Robin says, "My army is invincible!"
Robin throws the goblin at you!
* * * LOW HITPOINT WARNING * * *
The goblin barely misses you. You furiously retaliate!
You headbutt the goblin!
You kill the goblin!
You closely miss Robin. Your headbutt misses Robin.
Robin is heavily wounded.
Robin zaps a wand.
The puff of flame hits you.
You die...

.....?#g. ...
.(......##ggg
.......g.#gg ##
..........g ..#
........g. ........
......?.. ........(
.<.8....#####........
.........g@))..#.#...
##.#####g####........
#..............
#....[.......##
...##......<.......
.......)†........#.
.................#
#............######
#...##...#....#


You could see Robin and a goblin (strong).

Vanquished Creatures
  A dart slug (D:1)
  3 bats (D:1)
  3 endoplasms (D:1)
  3 giant cockroaches
  16 goblins
  5 hobgoblins
  5 jackals (D:1)
  A kobold (D:1)
  A quokka (D:1)
  3 ball pythons
  A frilled lizard (D:1)
  3 rats
45 creatures vanquished.

Notes
Turn   | Place    | Note
-------+----------+-------------------------------------------
     0 | D:1      | lonewolfV2 the Minotaur Fighter began the quest for the
                  | Orb.
     0 | D:1      | Reached XP level 1. HP: 19/19 MP: 0/0
   250 | D:1      | Reached XP level 2. HP: 23/27 MP: 1/1
   667 | D:1      | Reached XP level 3. HP: 33/33 MP: 2/2
  1166 | D:2      | Noticed Robin
  1189 | D:2      | Killed from afar by Robin

Illustrated notes

Levels and vault maps discovered:
D:1:      minmay_arrival_open_corners, layout_basic, minmay_door_square
D:2:      layout_rooms, serial_shops, shop_statue, uniq_robin

Skill      XL: |  1  2  3 |
---------------+----------+-----
Fighting       | 4 |  4.2
Shields        | 4 |  4.2
Armour         | 4 |  4.3
Axes           | 3 |  3.1

Action                   || total
-------------------------++-------
Melee: War axe           ||    76
       Headbutt          ||     9
  Use: Scroll            ||     3
       Potion            ||     1
Armor: Scale mail        ||    67
Dodge: Dodged            ||    37
Block: Buckler           ||    21
